NCAA
WAKE FOREST DEMON DEACONS @ MINNESOTA GOLDEN GOPHERS
05/04/2025
 
TOP OF THE 1ST
Wake Forest Demon Deacons batting - Pitching for Minnesota Golden Gophers : LHP Javier Robles
Pitching: LHP Javier Robles
Batting: SHB Terry Dailey 0-0: Swinging Strike
0-1: Ball
1-1: Ball
2-1: Foul Ball, location: 2F
2-2: Strikes out swinging
Batting: RHB Darrel O'Dooley 0-0: Ball
1-0: Called Strike
1-1: Foul Ball, location: 2F
1-2: Ball
2-2: Foul Ball, location: 2F
2-2: Strikes out looking
Batting: RHB Wilbert Bernard 0-0: Ball
1-0: Called Strike
1-1: Called Strike
1-2: Foul Ball, location: 2F
1-2: Strikes out looking
Top of the 1st over - 0 run(s), 0 hit(s), 0 error(s), 0 left on base; Wake Forest 0 - Minnesota 0
BOTTOM OF THE 1ST
Minnesota Golden Gophers batting - Pitching for Wake Forest Demon Deacons : RHP Jon Allen
Pitching: RHP Jon Allen
Batting: LHB Ralph Cobb 0-0: SOLO HOME RUN (Flyball, 78XD), Distance : 385 ft
Batting: RHB Tim Glendonwyn 0-0: Called Strike
0-1: Ball
1-1: Ball
2-1: Ball
3-1: Base on Balls
Batting: RHB Carlos López 0-0: Foul Ball, location: 2F
0-1: Swinging Strike
0-2: Ball
1-2: DOUBLE (Flyball, 78XD)
Tim Glendonwyn to third
Batting: SHB Sean Brown 0-0: Ball
1-0: Ball
2-0: Called Strike
2-1: Swinging Strike
2-2: Ball
3-2: Base on Balls
Batting: RHB Félix Escamilla 0-0: Ball
1-0: Hit by Pitch
Tim Glendonwyn scores
Carlos López to third
Sean Brown to second
Batting: RHB Julián Ramírez 0-0: SINGLE (Flyball, 89M)
Carlos López scores
Sean Brown to third
Félix Escamilla to second
Batting: RHB Ronald Smith 0-0: Ball
1-0: Foul Ball, location: 2F
1-1: Swinging Strike
1-2: Strikes out swinging
Batting: RHB Christian Nash 0-0: Called Strike
0-1: Called Strike
0-2: Ball
1-2: Ball
2-2: Ball
3-2: Foul Ball, location: 2F
3-2: Base on Balls
Sean Brown scores
Félix Escamilla to third
Julián Ramírez to second
Batting: RHB Dale Jordan 0-0: Ball
1-0: Ball
2-0: Called Strike
2-1: SINGLE (Line Drive, 6MD)
Félix Escamilla scores
Julián Ramírez to third
Christian Nash to second
Runner from 3rd tries for Home, throw and OUT!
Christian Nash to third
Dale Jordan to second
Batting: LHB Ralph Cobb 0-0: Fly out, F8 (Line Drive, 8LM)
Bottom of the 1st over - 5 run(s), 4 hit(s), 0 error(s), 2 left on base; Wake Forest 0 - Minnesota 5
TOP OF THE 2ND
Wake Forest Demon Deacons batting - Pitching for Minnesota Golden Gophers : LHP Javier Robles
Batting: LHB Garrett King 0-0: Called Strike
0-1: Swinging Strike
0-2: Ball
1-2: Foul Ball, location: 2F
1-2: Strikes out swinging
Batting: SHB Ernesto García 0-0: Ball
1-0: Foul Ball, location: 2F
1-1: Ball
2-1: Ball
3-1: Base on Balls
Batting: RHB Victor Wilson 0-0: Called Strike
0-1: Called Strike
0-2: Strikes out swinging
Batting: LHB Roberto Félix 0-0: Ball
1-0: Foul Ball, location: 2F
1-1: Ball
2-1: Foul Ball, location: 2F
2-2: SINGLE (Groundball, 56D) (infield hit)
Ernesto García to second
Batting: LHB Michael Edwards 0-0: Ball
1-0: Ball
2-0: Foul Ball, location: 2F
2-1: Ball
3-1: Swinging Strike
3-2: Foul Ball, location: 2F
3-2: Strikes out swinging
Top of the 2nd over - 0 run(s), 1 hit(s), 0 error(s), 2 left on base; Wake Forest 0 - Minnesota 5
BOTTOM OF THE 2ND
Minnesota Golden Gophers batting - Pitching for Wake Forest Demon Deacons : RHP Jon Allen
Batting: RHB Tim Glendonwyn 0-0: Foul Ball, location: 2F
0-1: Called Strike
0-2: Ball
1-2: Strikes out swinging
Batting: RHB Carlos López 0-0: DOUBLE (Flyball, 78XD)
Batting: SHB Sean Brown 0-0: Called Strike
0-1: Ball
1-1: 2-RUN HOME RUN (Line Drive, 8LD), Distance : 411 ft
Batting: RHB Félix Escamilla 0-0: Ball
1-0: Swinging Strike
1-1: Ball
2-1: Ball
3-1: Base on Balls
Batting: RHB Julián Ramírez 0-0: Ball
1-0: Ball
2-0: SINGLE (Line Drive, 6D)
Félix Escamilla to second
Batting: RHB Ronald Smith 0-0: Ball
1-0: Ball
2-0: Swinging Strike
2-1: Ball
3-1: Foul Ball, location: 2F
3-2: Base on Balls
Félix Escamilla to third
Julián Ramírez to second
Batting: RHB Christian Nash 0-0: SINGLE (Line Drive, 6D)
Félix Escamilla scores
Julián Ramírez to third
Ronald Smith to second
Pitching: RHP Jack Burns
Batting: RHB Dale Jordan 0-0: Swinging Strike
0-1: Ball
1-1: Foul Ball, location: 2F
1-2: Grounds into double play, 6-4-3 (Groundball, 6)
Bottom of the 2nd over - 3 run(s), 4 hit(s), 0 error(s), 2 left on base; Wake Forest 0 - Minnesota 8
TOP OF THE 3RD
Wake Forest Demon Deacons batting - Pitching for Minnesota Golden Gophers : LHP Javier Robles
Batting: RHB Daniel Dillard 0-0: Ball
1-0: Ball
2-0: Called Strike
2-1: Foul Ball, location: 2F
2-2: Foul Ball, location: 2F
2-2: Ball
3-2: Foul Ball, location: 2F
3-2: Base on Balls
Batting: SHB Terry Dailey 0-0: Ball
1-0: Ball
2-0: Ball
Pickoff Throw to First - Error! E1
Daniel Dillard to second
3-0: Called Strike
3-1: Foul Ball, location: 2F
3-2: Ground out 3-1 (Groundball, 34S)
Daniel Dillard to third
Batting: RHB Darrel O'Dooley 0-0: Ball
1-0: Ball
2-0: Ball
3-0: Base on Balls
Batting: RHB Wilbert Bernard 0-0: Foul Ball, location: 2F
0-1: Foul Ball, location: 2F
0-2: Ball
1-2: DOUBLE (Line Drive, 5D)
Daniel Dillard scores
Darrel O'Dooley to third
Runner from 3rd tries for Home, SAFE, no throw or cutoff
Batting: LHB Garrett King 0-0: Called Strike
0-1: Foul Ball, location: 2F
0-2: Foul Ball, location: 2F
0-2: Fly out, F8 (Flyball, 8RM)
Batting: SHB Ernesto García 0-0: Ball
1-0: Called Strike
1-1: Ground out 1-3 (Groundball, 13S)
Top of the 3rd over - 2 run(s), 1 hit(s), 1 error(s), 1 left on base; Wake Forest 2 - Minnesota 8
BOTTOM OF THE 3RD
Minnesota Golden Gophers batting - Pitching for Wake Forest Demon Deacons : RHP Jack Burns
Batting: LHB Ralph Cobb 0-0: Called Strike
0-1: SOLO HOME RUN (Flyball, 7D), Distance : 342 ft
Batting: RHB Tim Glendonwyn 0-0: Ground out 1-3 (Groundball, 15)
Batting: RHB Carlos López 0-0: Called Strike
0-1: Ball
1-1: TRIPLE (Line Drive, 8RXD)
Batting: SHB Sean Brown 0-0: Ball
1-0: Called Strike
1-1: Fly out, F7 (Flyball, 78S)
Batting: RHB Félix Escamilla 0-0: Ball
1-0: Ball
2-0: Called Strike
2-1: Swinging Strike
2-2: Ball
3-2: Strikes out swinging
Bottom of the 3rd over - 1 run(s), 2 hit(s), 0 error(s), 1 left on base; Wake Forest 2 - Minnesota 9
TOP OF THE 4TH
Wake Forest Demon Deacons batting - Pitching for Minnesota Golden Gophers : LHP Javier Robles
Batting: RHB Victor Wilson 0-0: SINGLE (Groundball, 6MD)
Batting: LHB Roberto Félix 0-0: Ball
1-0: Ball
2-0: Ground out 5-3 (Groundball, 5S)
Victor Wilson to second
Batting: LHB Michael Edwards 0-0: Foul Ball, location: 2F
0-1: Swinging Strike
0-2: Ball
1-2: Ball
2-2: Strikes out swinging
Batting: RHB Daniel Dillard 0-0: Ball
1-0: Ball
2-0: Foul Ball, location: 2F
2-1: Ball
3-1: Base on Balls
Pitching: RHP Gerard O'Neill
Batting: SHB Terry Dailey 0-0: Ball
1-0: SINGLE (Groundball, 4MD) (infield hit)
Victor Wilson to third
Daniel Dillard to second
Batting: RHB Darrel O'Dooley 0-0: Ball
1-0: Ball
2-0: Called Strike
2-1: Fly out, F3 (Popup, 3F)
Top of the 4th over - 0 run(s), 2 hit(s), 0 error(s), 3 left on base; Wake Forest 2 - Minnesota 9
BOTTOM OF THE 4TH
Minnesota Golden Gophers batting - Pitching for Wake Forest Demon Deacons : RHP Jack Burns
Batting: RHB Julián Ramírez 0-0: Ball
1-0: Ball
2-0: Ball
3-0: Called Strike
3-1: Swinging Strike
3-2: Base on Balls
Batting: RHB Ronald Smith 0-0: Ball
1-0: Ball
2-0: Ball
3-0: Base on Balls
Julián Ramírez to second
Batting: RHB Christian Nash 0-0: Called Strike
0-1: Ball
1-1: Called Strike
1-2: Foul Ball, location: 2F
1-2: Foul Ball, location: 2F
1-2: Strikes out looking
Batting: RHB Dale Jordan 0-0: Ball
1-0: Called Strike
1-1: SINGLE (Groundball, 15S) (infield hit)
Julián Ramírez to third
Ronald Smith to second
Batting: LHB Ralph Cobb 0-0: Ball
1-0: Ball
2-0: Foul Ball, location: 2F
2-1: Swinging Strike
2-2: Ball
3-2: Base on Balls
Julián Ramírez scores
Ronald Smith to third
Dale Jordan to second
Batting: RHB Tim Glendonwyn 0-0: Ball
1-0: Ball
2-0: Ball
3-0: Base on Balls
Ronald Smith scores
Dale Jordan to third
Ralph Cobb to second
Batting: RHB Carlos López 0-0: Ball
1-0: Foul Ball, location: 2F
1-1: Swinging Strike
1-2: Strikes out looking
Batting: SHB Sean Brown 0-0: Called Strike
0-1: Ball
1-1: Ball
2-1: Called Strike
2-2: Fly out, F8 (Line Drive, 89M)
Bottom of the 4th over - 2 run(s), 1 hit(s), 0 error(s), 3 left on base; Wake Forest 2 - Minnesota 11
TOP OF THE 5TH
Wake Forest Demon Deacons batting - Pitching for Minnesota Golden Gophers : RHP Gerard O'Neill
Batting: RHB Wilbert Bernard 0-0: Foul Ball, location: 2F
0-1: Called Strike
0-2: Foul Ball, location: 2F
0-2: Ball
1-2: Fly out, F2 (Popup, 2LF)
Batting: LHB Garrett King 0-0: Fly out, F8 (Flyball, 89XD)
Batting: SHB Ernesto García 0-0: Called Strike
0-1: Ball
1-1: SINGLE (Line Drive, 4M)
Batting: RHB Victor Wilson 0-0: Ball
1-0: Ball
2-0: Ground out 5-3 (Groundball, 56S)
Top of the 5th over - 0 run(s), 1 hit(s), 0 error(s), 1 left on base; Wake Forest 2 - Minnesota 11
BOTTOM OF THE 5TH
Minnesota Golden Gophers batting - Pitching for Wake Forest Demon Deacons : RHP Jack Burns
Pitching: RHP Gerald Pugh
Batting: RHB Félix Escamilla 0-0: Ball
1-0: Ball
2-0: Ball
3-0: Called Strike
3-1: Ground out 5-3 (Groundball, 56S)
Batting: RHB Julián Ramírez 0-0: Called Strike
0-1: SINGLE (Groundball, 56D)
Batting: RHB Ronald Smith 0-0: SINGLE (Groundball, 34D)
Julián Ramírez to second
Runner from 2nd tries for 3rd, SAFE, throw made to third
Batting: RHB Christian Nash 0-0: Grounds into double play, 4-6-3 (Groundball, 4)
Bottom of the 5th over - 0 run(s), 2 hit(s), 0 error(s), 1 left on base; Wake Forest 2 - Minnesota 11
TOP OF THE 6TH
Wake Forest Demon Deacons batting - Pitching for Minnesota Golden Gophers : RHP Gerard O'Neill
Batting: LHB Roberto Félix 0-0: Ground out 3-1 (Groundball, 3L)
Batting: LHB Michael Edwards 0-0: Ball
1-0: Foul Ball, location: 2F
1-1: Ball
2-1: Ball
3-1: Called Strike
3-2: SINGLE (Line Drive, 7S)
Batting: RHB Daniel Dillard 0-0: Ball
1-0: Foul Ball, location: 2F
1-1: Ball
2-1: Ball
3-1: Base on Balls
Michael Edwards to second
Batting: SHB Terry Dailey 0-0: Fielders Choice at 2nd, 6-4 (Groundball, 6M)
Michael Edwards to third
Batting: RHB Darrel O'Dooley 0-0: Called Strike
0-1: Ball
1-1: Fly out, F6 (Popup, 56D)
Top of the 6th over - 0 run(s), 1 hit(s), 0 error(s), 2 left on base; Wake Forest 2 - Minnesota 11
BOTTOM OF THE 6TH
Minnesota Golden Gophers batting - Pitching for Wake Forest Demon Deacons : RHP Gerald Pugh
Batting: RHB Dale Jordan 0-0: Ball
1-0: Ball
2-0: Ball
3-0: Base on Balls
Batting: LHB Ralph Cobb 0-0: Ball
1-0: Called Strike
1-1: Fly out, F8 (Flyball, 8LS)
Batting: RHB Tim Glendonwyn 0-0: Ball
1-0: Swinging Strike
1-1: Swinging Strike
1-2: Foul Ball, location: 2F
1-2: Ground out 5-3 (Groundball, 56S)
Dale Jordan to second
Batting: RHB Carlos López 0-0: Fly out, F8 (Flyball, 8LS)
Bottom of the 6th over - 0 run(s), 0 hit(s), 0 error(s), 1 left on base; Wake Forest 2 - Minnesota 11
TOP OF THE 7TH
Wake Forest Demon Deacons batting - Pitching for Minnesota Golden Gophers : RHP Gerard O'Neill
Pitching: RHP Milton Suárez
Batting: RHB Wilbert Bernard 0-0: Ball
1-0: Called Strike
1-1: Ball
2-1: Called Strike
2-2: Ball
3-2: Ground out 3-1 (Groundball, 34)
Batting: LHB Garrett King 0-0: Ball
1-0: Foul Ball, location: 2F
1-1: DOUBLE (Groundball, 5L)
Batting: SHB Ernesto García 0-0: Ball
1-0: Foul Ball, location: 2F
1-1: Ball
2-1: Ball
3-1: Swinging Strike
3-2: Base on Balls
Batting: RHB Victor Wilson 0-0: Ball
1-0: Ball
2-0: Called Strike
2-1: Grounds into double play, 5-4-3 (Groundball, 5)
Top of the 7th over - 0 run(s), 1 hit(s), 0 error(s), 1 left on base; Wake Forest 2 - Minnesota 11
BOTTOM OF THE 7TH
Minnesota Golden Gophers batting - Pitching for Wake Forest Demon Deacons : RHP Gerald Pugh
Pitching: RHP Steve Beck
Batting: SHB Sean Brown 0-0: Ground out 1-3 (Groundball, 15S)
Batting: RHB Félix Escamilla 0-0: Ball
1-0: Ball
2-0: Ball
3-0: Called Strike
3-1: Foul Ball, location: 2F
3-2: SINGLE (Line Drive, 7S)
Batting: RHB Julián Ramírez 0-0: Ball
1-0: Ball
Félix Escamilla steals 2nd base
2-0: Ground out 5-3 (Groundball, 56)
Batting: RHB Ronald Smith 0-0: Ball
1-0: SINGLE (Flyball, 9LS)
Félix Escamilla to third
Runner from 3rd tries for Home, SAFE, no throw or cutoff
Batting: RHB Christian Nash 0-0: Ball
1-0: Ball
2-0: Ball
3-0: Called Strike
3-1: Swinging Strike
3-2: Strikes out swinging
Bottom of the 7th over - 1 run(s), 2 hit(s), 0 error(s), 1 left on base; Wake Forest 2 - Minnesota 12
TOP OF THE 8TH
Wake Forest Demon Deacons batting - Pitching for Minnesota Golden Gophers : RHP Milton Suárez
Now at C: Eric Hudson
Batting: LHB Roberto Félix 0-0: Fly out, F3 (Popup, 23F)
Batting: LHB Michael Edwards 0-0: Fly out, F3 (Line Drive, 34)
Batting: RHB Daniel Dillard 0-0: Called Strike
0-1: Ground out 6-3 (Groundball, 6)
Top of the 8th over - 0 run(s), 0 hit(s), 0 error(s), 0 left on base; Wake Forest 2 - Minnesota 12
BOTTOM OF THE 8TH
Minnesota Golden Gophers batting - Pitching for Wake Forest Demon Deacons : RHP Steve Beck
Batting: RHB Dale Jordan 0-0: Ball
1-0: Ball
2-0: Called Strike
2-1: Ball
3-1: Base on Balls
Batting: LHB Ralph Cobb 0-0: Ball
1-0: Called Strike
1-1: Sac Bunt - play at first, batter OUT! 1-4
Dale Jordan to second
Batting: RHB Tim Glendonwyn 0-0: Called Strike
0-1: Hit by Pitch
Batting: RHB Carlos López 0-0: Ball
1-0: Ball
2-0: SINGLE (Line Drive, 89S)
Dale Jordan to third
Tim Glendonwyn to second
Runner from 3rd tries for Home, SAFE, no throw or cutoff
Batting: SHB Sean Brown 0-0: Fly out, F9 (Flyball, 89M)
Batting: RHB Félix Escamilla 0-0: Called Strike
0-1: Foul Ball, location: 2F
0-2: Strikes out swinging
Bottom of the 8th over - 1 run(s), 1 hit(s), 0 error(s), 2 left on base; Wake Forest 2 - Minnesota 13
TOP OF THE 9TH
Wake Forest Demon Deacons batting - Pitching for Minnesota Golden Gophers : RHP Milton Suárez
Batting: SHB Terry Dailey 0-0: SOLO HOME RUN (Flyball, 9D), Distance : 358 ft
Batting: RHB Darrel O'Dooley 0-0: Ball
1-0: Ball
2-0: Foul Ball, location: 2F
2-1: Swinging Strike
2-2: Strikes out swinging
Batting: RHB Wilbert Bernard 0-0: Called Strike
0-1: Fly out, F9 (Flyball, 89M)
Batting: LHB Garrett King 0-0: Called Strike
0-1: SINGLE (Line Drive, 6MD)
Batting: SHB Ernesto García 0-0: Called Strike
0-1: Ball
1-1: Foul Ball, location: 2F
1-2: Foul Ball, location: 2F
1-2: Fly out, F8 (Flyball, 78M)
Top of the 9th over - 1 run(s), 2 hit(s), 0 error(s), 1 left on base; Wake Forest 3 - Minnesota 13
This league is powered by Out of the Park Baseball, the baseball management simulation game for PC, Mac and Linux
Tuesday, August 2nd, 2016 - OOTP Baseball 16.8 Build 38